 Dungeon Crawl Stone Soup version 0.24.0-13-gcf9b319 (webtiles) character file.

Game seed: 6632301152770158246, levelgen mode: deterministic

162362 qdestroyer the Peltast (level 16, 0/147 HPs)
             Began as a Minotaur Berserker on Nov 12, 2019.
             Was the Champion of Trog.
             Killed by the raging water
             ... invoked by a water nymph
              (18 damage)
             ... on level 3 of the Shoals.
             The game lasted 01:10:20 (24824 turns).

qdestroyer the Peltast (Minotaur Berserker)        Turns: 24824, Time: 01:10:20

Health: 0/147      AC: 25    Str: 35    XL:     16   Next: 96%
Magic:  0/15       EV: 11    Int:  7    God:    Trog [******]
Gold:   648        SH: 28    Dex: 13    Spells: 15/15 levels left

rFire    . . .     SeeInvis .   K - +7 morningstar of Doom {freeze, rElec rPois rC- Int+3}
rCold    x . .     Gourm    .   t - +3 large shield {AC+3}
rNeg     + . .     Faith    .   F - +2 plate armour {rN+}
rPois    +         Spirit   +   (helmet restricted)
rElec    +         Reflect  .   E - scarf {Spirit}
rCorr    .         Harm     .   o - +0 pair of gloves {Str+3}
MR       +++..                  p - +1 pair of boots "Hynoe" {Regen+ Str-2 Dex+2 Stlth+}
Stlth    ..........             C - amulet of regeneration
HPRegen  2.14/turn              y - ring of flight
MPRegen  0.14/turn              r - +6 ring of strength

@: mesmerised, regenerating, very slow
A: retaliatory headbutt, horns 2
}: 1/15 runes: gossamer
a: Berserk, Trog's Hand, Brothers in Arms, Renounce Religion, Evoke Flight


You were on level 3 of the Shoals.
You worshipped Trog.
Trog was exalted by your worship.
You were hungry.

You visited 4 branches of the dungeon, and saw 27 of its levels.

You collected 2210 gold pieces.
You spent 1562 gold pieces at shops.

Inventory:

Hand Weapons
 K - the +7 morningstar of Doom (weapon) {freeze, rElec rPois rC- Int+3}
   (You found it on level 12 of the Dungeon)

   It has been specially enchanted to freeze those struck by it, causing extra
   injury to most foes and up to half again as much damage against particularly
   susceptible opponents.
   It can also slow down cold-blooded creatures.
   It affects your intelligence (+3).
   It makes you vulnerable to cold.
   It insulates you from electricity.
   It protects you from poison.
 P - the +8 shortbow of Blind Justice {freeze, rF+++ Str-4}
   (Trog gifted it to you on level 2 of the Spider Nest)

   It causes projectiles fired from it to freeze those they strike, causing
   extra injury to most foes and up to half again as much damage against
   particularly susceptible opponents.
   They can also slow down cold-blooded creatures.
   It affects your strength (-4).
   It renders you almost immune to fire.
 T - the +5 mace of Dividends {antimagic, rF- rN+ Str+3 Dex+4}
   (Trog gifted it to you on level 3 of the Spider Nest)

   It reduces the magical energy of the wielder, and disrupts the spells and
   magical abilities of those hit.
   Natural abilities and divine invocations are not affected.
   It affects your strength (+3).
   It affects your dexterity (+4).
   It makes you vulnerable to fire.
   It protects you from negative energy.
 U - the +3 mace of False Accusations {flame, Str+4 Int+2, unknown}
   (Trog gifted it to you on level 1 of the Shoals)

   It has been specially enchanted to burn those struck by it, causing extra
   injury to most foes and up to half again as much damage against particularly
   susceptible opponents.
   It affects your strength (+4).
   It affects your intelligence (+2).
Armour
 o - a +0 pair of gloves of strength (worn)
 p - the +1 pair of boots "Hynoe" (worn) {Regen+ Str-2 Dex+2 Stlth+}
   (You bought it in a shop on level 10 of the Dungeon)

   It affects your strength (-2).
   It affects your dexterity (+2).
   It increases your rate of regeneration.
   It makes you more stealthy.
 t - a +3 large shield of protection (worn)
 E - a scarf of spirit shield (worn)
 F - a +2 plate armour of positive energy (worn)
 M - a +2 cloak
Jewellery
 a - an uncursed ring of protection from cold
 b - an uncursed ring of resist corrosion
 i - the ring "Soapadyr" {Fire +Inv Str+2, unknown}
   (You bought it in a shop on level 2 of the Shoals)

   [ring of fire]

   It enhances your fire magic.
   It affects your strength (+2).
   It protects you from fire.
   It makes you vulnerable to cold.
   It lets you turn invisible.
 n - an uncursed ring of protection from fire
 r - a +6 ring of strength (right hand)
 y - a ring of flight (left hand)
 A - an uncursed ring of positive energy
 C - an amulet of regeneration (around neck)
 D - an uncursed ring of see invisible
 G - a +2 ring of evasion
 I - an uncursed ring of poison resistance
 S - a +3 ring of slaying
Wands
 q - a wand of digging (6)
Scrolls
 g - 3 scrolls of enchant weapon
 h - 10 scrolls of teleportation
 j - 3 scrolls of magic mapping
 k - 13 scrolls of remove curse
 u - 3 scrolls of fear
 z - 2 scrolls of immolation
 N - 2 scrolls of silence
 R - a scroll of blinking
Potions
 e - 7 potions of heal wounds
 l - 4 potions of resistance
 m - 3 potions of haste
 s - 5 potions of might
 v - 9 potions of curing
 w - 4 potions of agility
 x - 6 potions of lignification
 J - 4 potions of ambrosia
 Q - a potion of invisibility
Miscellaneous
 d - a sack of spiders
 L - a phantom mirror
Comestibles
 c - 28 rations


   Skills:
 + Level 14.6 Fighting
   Level 13.9(17.1) Axes
 + Level 16.7(18.4) Maces & Flails
 + Level 14.0 Armour
 + Level 6.3 Dodging
 - Level 3.8 Stealth
 + Level 19.0 Shields
 + Level 0.5 Evocations


You had 15 spell levels left.
You didn't know any spells.
Your spell library was empty.

Dungeon Overview and Level Annotations

Branches:
Dungeon (15/15)            Temple (0/1) D:6            Lair (5/6) D:11
 Shoals (3/4) Lair:2       Spider (4/4) Lair:3        Slime (0/5) Lair:5
    Orc (0/2) D:12         Vaults (0/5) D:14         Depths (0/5) D:15

Altars:
Ashenzari
Cheibriados
Elyvilon
Fedhas
Gozag
Hepliaklqana
Qazlal
Ru
Vehumet
Xom
The Shining One

Shops:
D:10 [   Shoals:1 =   Shoals:2 *:

Annotations:
D:8 1 runed translucent door


Innate Abilities, Weirdness & Mutations

You reflexively headbutt those who attack you in melee.
You have a pair of horns on your head.


Message History

The water nymph points at you and mumbles some strange words.
The water swirls and strikes you!
* * * LOW HITPOINT WARNING * * *
The merfolk avatar chants its luring song.
You block the hippogriff's attack. x2
The hippogriff claws you but does no damage.
The water nymph touches you. The water nymph drowns you!
* * * LOW HITPOINT WARNING * * *
The merfolk avatar chants its luring song.
You block the water nymph's attack.
The merfolk avatar chants its luring song.
The pull of its song draws you forwards.
You enter the shallow water.
Moving in this stuff is going to be slow.
You block the hippogriff's attack.
The hippogriff pecks you but does no damage.
You block the hippogriff's attack. You block the water nymph's attack.
The water nymph points at you and mumbles some strange words.
The water swirls and strikes you!!
You die...

≈≈≈≈≈≈≈≈≈<.......(..
≈≈≈≈≈≈≈≈≈≈≈≈≈.......
≈≈≈≈≈≈≈≈≈≈≈≈≈≈......
≈≈≈≈≈≈≈≈≈≈≈≈≈≈......
≈≈≈≈≈≈≈≈≈≈≈≈≈.......
≈≈≈≈≈≈≈≈≈≈≈≈≈.......
≈≈≈≈≈≈≈m≈≈≈≈........
≈≈≈≈≈≈≈≈≈Hmm.#......
≈≈≈≈≈≈≈≈≈@≈≈.#......
≈≈≈≈≈≈≈≈≈..### ##...
≈≈≈≈≈≈≈..# ..
≈≈≈≈≈≈≈≈.# .
≈≈≈≈≈≈≈≈>.
≈≈≈≈≈.≈≈≈..
≈≈≈≈≈≈≈≈≈≈≈
≈≈≈≈...≈≈≈≈≈
≈≈≈.#.≈≈≈≈≈


You could see a merfolk avatar, a hippogriff and 2 water nymphs.

Vanquished Creatures
  Nikola (Shoals:2)
  A kraken (Shoals:1)
  5 ghost moths
  4 emperor scorpions
  Louise (D:13)
  An ironheart preserver (D:14)
  2 entropy weavers (Spider:1)
  Nessos (Lair:4)
  A slime creature (D:14)
  The ghost of DankestMemes the Nimble, a journeyman GnMo of Cheibriados (Lair:2)
  2 spark wasps (Spider:4)
  Azrael (D:14)
  Harold (D:13)
  A fire dragon (D:15)
  An ice dragon (D:15)
  9 hydras
  3 centaur warriors
  3 merfolk aquamancers (Shoals:1)
  A death knight (D:15)
  A dancing weapon (Lair:2)
  4 death yaks (Lair:5)
  7 two-headed ogres
  A satyr (Shoals:2)
  2 tengu warriors
  A hell knight (D:13)
  A deep elf knight (D:13)
  An unseen horror (D:14)
  21 orb spiders
  2 phantasmal warriors (D:15)
  An orc knight (D:13)
  23 wolf spiders
  9 harpies
  2 deep elf magi
  2 fauns (Shoals:1)
  10 manticores
  A moth of wrath (Spider:4)
  5 cyclopes
  9 elephants
  4 centaur zombies
  A black mamba (Lair:4)
  A merfolk siren (Shoals:2)
  9 spiny frogs
  A gargoyle (D:14)
  A torpor snail (Lair:3)
  2 water nymphs
  2 kobold demonologists (D:13)
  7 komodo dragons
  10 demonic crawlers
  2 efreet (D:14)
  2 freezing wraiths (D:15)
  5 rime drakes
  34 jumping spiders
  4 polar bears (Lair:3)
  2 trolls
  11 merfolk
  Grinder (D:3)
  11 hornets
  3 blink frogs (Lair:5)
  5 wind drakes
  8 dream sheep
  16 hippogriffs
  4 snapping turtles
  3 shadows
  2 vampires
  A spriggan (D:8)
  8 wyverns
  69 redbacks
  8 water elementals
  2 wraiths
  29 tarantellas
  10 basilisks
  23 yaks
  A fire elemental (D:14)
  4 vampire mosquitoes (D:13)
  4 hungry ghosts
  9 hell hounds (D:14)
  6 water moccasins
  7 porcupines
  An ice beast (D:6)
  2 phantoms
  2 sky beasts
  3 black bears
  4 orc warriors
  2 ogres
  2 eyes of draining (D:11)
  2 necrophages
  10 wolves
  13 centaurs
  9 crocodiles
  5 big kobolds
  22 bullfrogs
  A wyvern skeleton (D:6)
  6 scorpions
  4 killer bees (D:11)
  7 wights (D:12)
  3 electric eels
  2 howler monkeys
  2 lava snakes (Lair:4)
  3 crimson imps
  4 jellies
  A quasit (D:4)
  9 hounds
  6 centaur skeletons
  3 orc priests
  11 orc wizards
  3 bullfrog zombies
  A gnoll shaman (D:9)
  6 iguanas
  6 worker ants
  A killer bee zombie (D:8)
  A hound zombie (D:7)
  A hound skeleton (D:9)
  9 gnolls
  13 adders
  6 shadow imps
  An ooze (D:1)
  3 adder skeletons
  8 worms
  3 dart slugs
  5 leopard geckos
  35 orcs
  9 bats
  9 giant cockroaches
  8 goblins
  9 hobgoblins
  20 jackals
  30 kobolds
  9 quokkas
  4 frilled lizards
  A jackal skeleton (D:5)
  10 rats
  4 tentacles (Shoals:1)
829 creatures vanquished.

Vanquished Creatures (others)
  An orb spider (Spider:4)
  A jumping spider (Spider:2)
  An orc (D:11)
  5 fungi
  3 plants
  6 tentacles (Shoals:1)
17 creatures vanquished.

Grand Total: 846 creatures vanquished

Notes
Turn   | Place    | Note
-------+----------+-------------------------------------------
     0 | D:1      | qdestroyer the Minotaur Berserker began the quest for the
                  | Orb.
     0 | D:1      | Reached XP level 1. HP: 19/19 MP: 0/0
    73 | D:1      | Reached XP level 2. HP: 15/27 MP: 1/1
   549 | D:1      | Reached XP level 3. HP: 33/33 MP: 2/2
   704 | D:2      | Reached ** piety under Trog
  1024 | D:2      | Reached skill level 1 in Stealth
  1024 | D:2      | Reached XP level 4. HP: 31/41 MP: 3/3
  1196 | D:2      | You fall into a shaft and drop 1 floor!
  1203 | D:3      | Reached skill level 5 in Axes
  1467 | D:3      | Reached XP level 5. HP: 12/47 MP: 4/4
  1524 | D:3      | Found a faded altar of an unknown god.
  1761 | D:2      | Found a sacrificial altar of Ru.
  2232 | D:3      | Reached *** piety under Trog
  2379 | D:3      | Reached skill level 1 in Shields
  2815 | D:3      | Reached skill level 5 in Fighting
  3042 | D:3      | Noticed Grinder
  3052 | D:3      | Paralysed by Grinder for 4 turns
  3059 | D:3      | Killed Grinder
  3059 | D:3      | Reached XP level 6. HP: 45/56 MP: 5/5
  3423 | D:4      | Reached skill level 2 in Shields
  3424 | D:4      | Reached XP level 7. HP: 54/61 MP: 6/6
  3444 | D:4      | Found a snail-covered altar of Cheibriados.
  3521 | D:4      | Found a blossoming altar of Fedhas.
  3623 | D:4      | Reached **** piety under Trog
  4372 | D:5      | Entered Level 5 of the Dungeon
  4604 | D:5      | Found a shattered altar of Ashenzari.
  4707 | D:5      | Reached skill level 3 in Shields
  4816 | D:5      | Found a hazy altar of Hepliaklqana.
  5006 | D:5      | Reached XP level 8. HP: 69/69 MP: 7/7
  5180 | D:5      | Found a white marble altar of Elyvilon.
  5468 | D:6      | Found a shimmering altar of Xom.
  5649 | D:6      | Noticed a deep elf mage
  5660 | D:6      | Killed a deep elf mage
  5660 | D:6      | Reached skill level 4 in Shields
  5794 | D:6      | Found a staircase to the Ecumenical Temple.
  5956 | D:7      | Reached ***** piety under Trog
  6007 | D:7      | Received a gift from Trog
  6464 | D:8      | Reached skill level 5 in Shields
  6464 | D:8      | Reached XP level 9. HP: 77/77 MP: 5/8
  6609 | D:8      | Reached skill level 10 in Axes
  6715 | D:8      | Found a glowing golden altar of the Shining One.
  6731 | D:8      | Received a gift from Trog
  6806 | D:8      | Found a white marble altar of Elyvilon.
  6806 | D:8      | Found a runed translucent door.
  6806 | D:8      | Noticed an angel
  6893 | D:8      | Found a radiant altar of Vehumet.
  7083 | D:8      | Reached skill level 6 in Shields
  7315 | D:9      | Reached skill level 5 in Armour
  7365 | D:9      | Reached skill level 5 in Dodging
  7372 | D:9      | Reached skill level 7 in Shields
  7962 | D:10     | Entered Level 10 of the Dungeon
  8085 | D:10     | Reached XP level 10. HP: 80/87 MP: 3/9
  8111 | D:10     | Found Lilefu's Antique Armour Shop.
  8127 | D:10     | Bought a pair of ancient boots for 304 gold pieces
  8132 | D:10     | Identified the +1 pair of boots "Hynoe" {Regen+ Str-2 Dex+2
                  | Stlth+} (You bought it in a shop on level 10 of the
                  | Dungeon)
  8151 | D:10     | Noticed a two-headed ogre
  8162 | D:10     | Killed a two-headed ogre
  8759 | D:11     | Noticed a two-headed ogre
  8769 | D:11     | Killed a two-headed ogre
  8769 | D:11     | Reached skill level 8 in Shields
  8798 | D:11     | Noticed an elephant
  8823 | D:11     | Killed an elephant
  8825 | D:11     | Found a staircase to the Lair.
  8937 | D:11     | Reached XP level 11. HP: 94/94 MP: 0/10
  8952 | D:11     | Found a stormy altar of Qazlal.
  8953 | D:11     | Noticed a two-headed ogre
  8966 | D:11     | Killed a two-headed ogre
  9255 | D:11     | Reached skill level 9 in Shields
  9845 | D:12     | Noticed a two-headed ogre
  9859 | D:12     | Killed a two-headed ogre
  9866 | D:12     | Got an ichor-stained morningstar
  9878 | D:12     | Identified the +7 morningstar of Doom {freeze, rElec rPois
                  | rC- Int+3} (You found it on level 12 of the Dungeon)
  9967 | D:12     | Noticed a five-headed hydra
  9974 | D:12     | Killed a five-headed hydra
  9974 | D:12     | Reached skill level 1 in Maces & Flails
  9974 | D:12     | Reached skill level 10 in Shields
  9983 | D:12     | You fall into a shaft and drop 3 floors!
  9983 | D:15     | Entered Level 15 of the Dungeon
 10037 | D:15     | Noticed a two-headed ogre
 10050 | D:15     | Killed a two-headed ogre
 10065 | D:14     | Noticed Azrael
 10072 | D:14     | Found a gate to the Vaults.
 10072 | D:14     | Noticed an ironheart preserver
 10081 | D:14     | Noticed a centaur warrior
 10126 | D:14     | Killed an ironheart preserver
 10126 | D:14     | Reached skill level 10 in Fighting
 10164 | D:13     | Noticed a centaur warrior
 10165 | D:13     | Noticed a two-headed ogre
 10184 | D:13     | Killed a centaur warrior
 10184 | D:13     | Reached XP level 12. HP: 91/105 MP: 6/11
 10188 | D:13     | Killed a two-headed ogre
 10188 | D:13     | Reached skill level 5 in Maces & Flails
 10205 | D:13     | Received a gift from Trog
 10558 | D:12     | Found a staircase to the Orcish Mines.
 10573 | D:12     | Reached skill level 11 in Shields
 11037 | D:13     | Noticed a tengu warrior
 11043 | D:13     | Noticed a seven-headed hydra
 11050 | D:13     | Killed a tengu warrior
 11053 | D:13     | Killed a seven-headed hydra
 11097 | D:13     | Noticed Louise
 11127 | D:13     | Reached skill level 10 in Armour
 11140 | D:13     | Killed Louise
 11211 | D:13     | Noticed a six-headed hydra
 11217 | D:13     | Killed a six-headed hydra
 11226 | D:13     | Noticed Harold
 11243 | D:13     | Killed Harold
 11546 | D:13     | Reached skill level 12 in Shields
 11691 | D:14     | Received a gift from Trog
 11691 | D:14     | Reached XP level 13. HP: 114/114 MP: 12/12
 11703 | D:14     | Reached skill level 10 in Maces & Flails
 11713 | D:14     | Killed Azrael
 12185 | D:14     | Found an opulent altar of Gozag.
 12464 | D:14     | Reached skill level 13 in Shields
 13151 | D:15     | Noticed a fire dragon
 13163 | D:15     | Killed a fire dragon
 13189 | D:15     | Found a staircase to the Depths.
 13634 | Lair:1   | Entered Level 1 of the Lair of Beasts
 13713 | Lair:1   | Reached XP level 14. HP: 122/124 MP: 13/13
 14358 | Lair:2   | Found a staircase to the Shoals.
 14360 | Lair:2   | Received a gift from Trog
 14589 | Lair:2   | Found a runed translucent door.
 14589 | Lair:2   | Found a shimmering altar of Xom.
 14589 | Lair:2   | Noticed DankestMemes's ghost (journeyman GnMo)
 14620 | Lair:2   | Killed DankestMemes's ghost
 14620 | Lair:2   | Reached skill level 14 in Shields
 15337 | Lair:3   | Found a hole to the Spider Nest.
 16367 | Lair:4   | Received a gift from Trog
 16720 | Lair:4   | Noticed Nessos
 16727 | Lair:4   | Killed Nessos
 17148 | Lair:5   | Got an ancient falchion
 17151 | Lair:5   | Identified the +3 falchion of the Aged Moons {freeze,
                  | *Contam rC++ Int+4} (You found it on level 5 of the Lair of
                  | Beasts)
 17161 | Lair:5   | Identified a scroll of acquirement
 17239 | Lair:5   | Reached skill level 15 in Shields
 17720 | Lair:5   | Found a staircase to the Slime Pits.
 17947 | Spider:1 | Entered Level 1 of the Spider Nest
 18058 | Spider:1 | Got an ancient hand axe
 18084 | Spider:1 | Noticed an entropy weaver
 18239 | Spider:1 | Killed an entropy weaver
 18239 | Spider:1 | Reached XP level 15. HP: 122/133 MP: 10/14
 19063 | Spider:1 | Reached skill level 15 in Maces & Flails
 19170 | Spider:1 | Reached skill level 16 in Shields
 19274 | Spider:2 | Received a gift from Trog
 19451 | Spider:2 | Got a slimy shortbow {god gift}
 20810 | Spider:3 | Noticed a ghost moth
 20820 | Spider:3 | Killed a ghost moth
 20945 | Spider:3 | Received a gift from Trog
 20950 | Spider:3 | Got a twisted mace {god gift}
 20951 | Spider:3 | Identified the +5 mace of Dividends {antimagic, rF- rN+
                  | Str+3 Dex+4} (Trog gifted it to you on level 3 of the
                  | Spider Nest)
 21610 | Spider:4 | Entered Level 4 of the Spider Nest
 21751 | Spider:4 | Reached XP level 16. HP: 127/145 MP: 15/15
 22106 | Spider:4 | Reached skill level 17 in Shields
 22213 | Spider:4 | Reached ****** piety under Trog
 22390 | Spider:4 | Received a gift from Trog
 22431 | Spider:4 | Got a gossamer rune of Zot
 23014 | Lair:2   | Identified the cursed +2 hand axe "Leetikoz" {freeze, rF+++
                  | rC+ Str+4 Int-4} (You found it on level 1 of the Spider
                  | Nest)
 23019 | Lair:2   | Identified the +8 shortbow of Blind Justice {freeze, rF+++
                  | Str-4} (Trog gifted it to you on level 2 of the Spider
                  | Nest)
 23022 | Shoals:1 | Entered Level 1 of the Shoals
 23090 | Shoals:1 | Reached skill level 18 in Shields
 23151 | Shoals:1 | Found a glowing golden altar of the Shining One.
 23156 | Shoals:1 | Noticed a kraken
 23184 | Shoals:1 | Killed a kraken
 23401 | Shoals:1 | Found Pewoh's Jewellery Boutique.
 23474 | Shoals:1 | Bought a +6 ring of strength for 643 gold pieces
 23474 | Shoals:1 | Bought a +3 ring of slaying for 495 gold pieces
 23507 | Shoals:1 | Received a gift from Trog
 23578 | Shoals:1 | Got a transparent mace {god gift}
 24158 | Shoals:2 | Found Degiuruu's Book Shop.
 24414 | Shoals:2 | Found Birhycuh's Assorted Antiques.
 24418 | Shoals:2 | Bought a clouded jade ring for 120 gold pieces
 24657 | Shoals:2 | Noticed Nikola
 24673 | Shoals:2 | Killed Nikola
 24673 | Shoals:2 | Reached skill level 19 in Shields
 24824 | Shoals:3 | Killed from afar by a water nymph

Levels and vault maps discovered:
D:1:      scummos_arrival_gate, layout_loops_ring
D:2:      layout_basic, nrook_campfire, nicolae_ru_great_annihilating_truth
D:3:      minmay_wonky_spiral, layout_basic, chequers_ecumenical_altar_simple,
          uniq_grinder
D:4:      layout_loops_ring, lemuel_round_altar, first_ration,
          fedhas_altar_fruit_tree
D:5:      minmay_evil_eye, layout_basic, kennysheep_little_box,
          lemuel_coloured_pillars_altar, ashenzari_altar_1
D:6:      layout_rooms, xom_butterflies, minmay_temple_entry_fiery,
          guppyfry_early_elven_hall
D:7:      layout_basic
D:8:      layout_loops_ring, lemuel_round_altar, old_standard_altar, the_bakery,
          lemuel_angel_altar
D:9:      layout_irregular_city, grunt_ministairs_2, minmay_misc_feat_rows
D:10:     layout_basic, serial_shops, nicolae_shop_overgrown_old_shop
D:11:     layout_basic, david_lair_generic, basic_altar, nicolae_lava_and_water,
          kennysheep_small_spiral
D:12:     layout_irregular_city, orc_0_dummy
D:13:     layout_big_octagon, sword_in_stone
D:14:     layout_basic, skrybe_vaults_entry_preservation, special_room
          [special_room_mythical_zoo], minmay_staircase_statues,
          grunt_gozag_statues, uniq_azrael
D:15:     grunt_enter_depths_hoard, layout_irregular_city
Lair:1:   layout_chaotic_city, serial_bayou_pond_b, st_stairs_5,
          serial_bayou_shore_a, infiniplex_staircase_pool
Lair:2:   layout_regular_city, minmay_shoals_entry_centaurs, ebering_ghost_xom,
          grunt_megastairs_5, uniq_harold
Lair:3:   beast_lair_carwin_large_2, layout_gridlike,
          spider_nest_entry_web_field, chequers_serial_rivers_room_a,
          serial_bayou_crossing
Lair:4:   layout_gridlike, grunt_megastairs_4, uniq_nessos
Lair:5:   layout_loops_ring, dpeg_slime_entry_corner,
          chequers_serial_rivers_micro_c
Shoals:1: layout_shoals, minmay_shop_enchanted_jewellery,
          wheals_shoals_ruined_temple
Shoals:2: layout_shoals, serial_shops,
          nicolae_shop_temple_entry_statues_fountains, nicolae_shoals_c_island,
          uniq_nikola
Shoals:3: layout_shoals, ldierk_geyser, nicolae_shoals_square_sea_wall
Spider:1: layout_spider_delve
Spider:2: layout_spider_delve, drop_trap
Spider:3: layout_chambers, spiders_nest_the_unseen
Spider:4: spider_rune_water

Skill      XL: |  1  2  3  4  5  6  7  8  9 10 11 12 13 14 15 16 |
---------------+-------------------------------------------------+-----
Fighting       | 4 5 6 7 8 10 11 12 13 14 | 14.6
Axes           | 4 5 6 7 9 11 13 | 13.9
Stealth        | 1 2 3 |  3.8
Dodging        | 3 4 5 6 |  6.3
Shields        | 1 2 3 5 7 8 10 12 13 15 16 19 | 19.0
Armour         | 3 5 7 9 10 11 12 13 14 | 14.0
Maces & Flails | 4 9 12 14 16 | 16.7
Evocations     | |  0.5

Action                   |  1- 3 |  4- 6 |  7- 9 | 10-12 | 13-15 | 16-18 || total
-------------------------+-------+-------+-------+-------+-------+-------++-------
Melee: Hand axe          |    49 |   137 |   302 |       |       |       ||   488
       Headbutt          |    12 |    18 |    66 |    98 |   286 |   116 ||   596
       War axe           |       |       |    67 |   245 |       |       ||   312
       Morningstar       |       |       |       |   232 |  1187 |   424 ||  1843
Invok: Berserk           |     1 |     1 |     4 |     5 |     7 |     2 ||    20
       Trog's Hand       |       |       |     3 |     4 |     8 |     1 ||    16
 Abil: Evoke Flight      |       |       |       |       |       |     3 ||     3
  Use: Scroll            |     6 |     5 |     9 |     4 |    19 |     4 ||    47
       Potion            |       |       |       |       |     2 |     3 ||     5
 Stab: Sleeping          |     2 |     7 |     4 |       |       |       ||    13
       Invisible         |       |     1 |       |       |       |       ||     1
  Eat: Chunk             |       |     9 |    15 |    11 |    10 |     3 ||    48
       Ration            |       |       |     2 |     2 |    11 |     2 ||    17
Armor: Animal skin       |     5 |    26 |     9 |       |       |       ||    40
       Chain mail        |       |       |    45 |       |       |       ||    45
       Plate armour      |       |       |    25 |   190 |   634 |   191 ||  1040
Dodge: Dodged            |    31 |    45 |    81 |   112 |   317 |   116 ||   702
Block: Shield            |       |    45 |   175 |   317 |       |       ||   537
       Large shield      |       |       |       |    36 |  1308 |   655 ||  1999
